 Dungeon Crawl Stone Soup version 0.30-a0-55-g90e3122c3a (webtiles) character file.

Game seed: 8372010045434257522

1935 caedfb the Covert (level 8, -3/36 HPs)
             Began as a Spriggan Enchanter on Sept 10, 2022.
             Killed from afar by an orc wizard (11 damage)
             ... with a magic dart
             ... on level 6 of the Dungeon.
             The game lasted 00:14:55 (7795 turns).

caedfb the Covert (Spriggan Enchanter)              Turns: 7795, Time: 00:14:56

Health: -3/36      AC:  5    Str:  6    XL:     8   Next: 97%
Magic:  2/21       EV: 18    Int: 14    God:
Gold:   350        SH:  0    Dex: 21    Spells: 16/24 levels left

rFire   + . .      SeeInvis +    a - +3 dagger (venom)
rCold   + . .      Faith    .    (no shield)
rNeg    . . .      Spirit   .    b - +0 robe
rPois   .          Reflect  .    (helmet restricted)
rElec   .          Harm     .    d - +2 cloak
rCorr   .          Rampage  .    (gloves unavailable)
Will    +....                    (boots unavailable)
Stlth   +++++.....               l - amulet of the acrobat
HPRegen 0.12/turn                g - ring of flight
MPRegen 0.17/turn                t - ring of the Madman {rF+ rC+ Int-3 Dex+6}

@: flying, very quick
A: very small, no large weapons, unfitting armour, see invisible, speed 3
a: no special abilities


You were on level 6 of the Dungeon.
You visited 2 branches of the dungeon, and saw 7 of its levels.
You also visited: Sewer.

You collected 350 gold pieces.

Inventory:

Hand Weapons
 a - a +3 dagger of venom (weapon)
Missiles
 r - 2 curare-tipped darts (quivered)
Armour
 b - a +0 robe (worn)
 d - a +2 cloak (worn)
Jewellery
 g - a ring of flight (left hand)
 l - an amulet of the acrobat (around neck)
 t - the ring of the Madman (right hand) {rF+ rC+ Int-3 Dex+6}
   (You found it on level 6 of the Dungeon)

   [ring of dexterity]

   Int:       It affects your intelligence (-3).
   Dex:       It affects your dexterity (+6).
   rF:        It protects you from fire.
   rC:        It protects you from cold.
 u - a ring of protection from fire
Wands
 q - a wand of flame (19)
Scrolls
 i - 4 scrolls of teleportation
 k - a scroll of brand weapon
 m - a scroll of vulnerability
 n - 2 scrolls of magic mapping
 p - a scroll of immolation
Potions
 c - 2 potions of invisibility
 e - 2 potions of brilliance
 f - a potion of berserk rage
 h - 3 potions of curing
 j - 3 potions of haste
 o - a potion of lignification
 s - a potion of mutation {unknown}


   Skills:
 - Level 1.1 Short Blades
 - Level 2.6 Dodging
 + Level 10.5 Stealth
 + Level 8.8 Spellcasting
 + Level 9.2 Hexes


You had 16 spell levels left.
You knew the following spells:

 Your Spells              Type           Power      Damage    Failure   Level
a - Ensorcelled Hibernat  Hex/Ice        38%        N/A       2%          2
b - Tukima's Dance        Hex            32%        N/A       1%          3
d - Confusing Touch       Hex            32%        N/A       1%          3

Your spell library contained the following spells:

 Spells                   Type           Power      Damage    Failure   Level
 Dazzling Flash           Conj/Hex       38%        N/A       5%          3
 Beastly Appendage        Tmut           12%        N/A       12%         1
 Static Discharge         Conj/Air       12%        3-4/arc   19%         2
 Wereblood                Tmut           6%         N/A       19%         2
 Gell's Gravitas          Tloc           6%         N/A       34%         3
 Ignite Poison            Fire/Tmut/Pois 6%         N/A       34%         3
 Mephitic Cloud           Conj/Pois/Air  6%         N/A       34%         3
 Spider Form              Tmut/Pois      6%         N/A       34%         3
 Teleport Other           Tloc           6%         N/A       34%         3
 Dispel Undead            Necr           6%         3d8       75%         4
 Sticky Flame             Conj/Fire      6%         2d3       75%         4
 Freezing Cloud           Conj/Ice/Air   3%         6-21      97%         5
 Dispersal                Tloc           3%         N/A       100%        6
 Borgnjor's Revivificati  Necr           3%         N/A       100%        8
 Necromutation            Tmut/Necr      3%         N/A       100%        8
 Death's Door             Necr           3%         N/A       100%        9


Dungeon Overview and Level Annotations

Branches:
Dungeon (6/15)             Temple (1/1) D:5           Sewer (visited)

Altars:
Ashenzari
Cheibriados
Fedhas
Hepliaklqana
Makhleb
Qazlal
Ru
Sif Muna
Trog
Uskayaw
Vehumet
Wu Jian
Yredelemnul
Zin
The Shining One

Shops:
D:5 (


Innate Abilities, Weirdness & Mutations

You are very small and have problems with some larger weapons.
You are too small for most types of armour.
You have supernaturally acute eyesight. (SInv)
You cover ground extremely quickly. (Speed+++)


Message History

Confirm with . or Enter, or press ? or * to list all spells.
Aiming: Ensorcelled Hibernation (safe; 2% risk of failure)
Press: ? - help, Shift-Dir - straight line, f/p - gnoll
Aim: a gnoll, wielding a +0 spear (heavily wounded, very poisoned, chance to affect: 61%)
The gnoll looks drowsy...
The gnoll closely misses you.
Unknown command.
The helpless gnoll fails to defend itself.
You stick the gnoll like a pincushion!!!
You kill the gnoll!
The gnoll misses you.
Casting: Ensorcelled Hibernation (safe; 2% risk of failure)
Confirm with . or Enter, or press ? or * to list all spells.
You don't have enough magic to cast this spell.
Unknown command.
You hit the gnoll.
The gnoll is poisoned.
The gnoll is lightly wounded.
The gnoll barely misses you.
You hit the gnoll.
The gnoll is moderately wounded.
The gnoll completely misses you.
You hit the gnoll.
The gnoll looks as sick as possible!
The gnoll is moderately wounded.
The gnoll hits you with a +0 flail.
You hit the gnoll.
The gnoll looks as sick as possible!
The gnoll is heavily wounded.
You hit the gnoll.
The gnoll looks as sick as possible!
The gnoll is severely wounded.
The gnoll closely misses you.
You hit the gnoll.
You kill the gnoll!
You hit the orc wizard.
The orc wizard is moderately wounded.
The orc wizard points at you and mumbles some strange words.
The puff of flame hits you. You resist.
* * * LOW HITPOINT WARNING * * *
You hit the orc wizard.
The orc wizard is heavily wounded.
The orc wizard points at you and mumbles some strange words.
The magic dart hits you!
You die...

#......##
#...##.#
......##
##...#.#
.....##
#...###
....##
##...#
...##
#...##
..##
##...# .##
+...# ##
##.## #
#@)# #
##o#
###### ...
.....#
.....
....(#
.).....
.....#
.......
#...##
.......
#...######
.######
.........#


You could see an orc wizard (invisible).

Vanquished Creatures
  Grinder (D:5)
  An ice beast (D:5)
  2 ogres (D:5)
  A centaur (D:6)
  2 phantoms
  A kobold brigand (D:6)
  Blork the orc (D:4)
  A gnoll sergeant (D:6)
  3 scorpions (D:5)
  A wight (D:6)
  An orc priest (D:3)
  4 hounds
  2 iguanas (D:4)
  5 orc wizards
  7 gnolls
  2 river rats (Sewer)
  11 adders
  A shadow imp (D:6)
  2 white imps (D:6)
  2 ufetubi
  4 worms
  A dart slug (D:2)
  14 orcs
  4 endoplasms
  2 giant cockroaches
  10 hobgoblins
  11 jackals
  18 kobolds
  A quokka (D:2)
  10 ball pythons
  3 bats (D:1)
  5 frilled lizards
  4 goblins
  6 rats
144 creatures vanquished.

Vanquished Creatures (collateral kills)
  3 wights (D:6)
  Jessica (D:3)
  2 orcs
6 creatures vanquished.

Vanquished Creatures (others)
  3 dancing weapons (D:6)
  9 plants (Sewer)
12 creatures vanquished.

Grand Total: 162 creatures vanquished

Notes
Turn   | Place    | Note
-------+----------+-------------------------------------------
     0 | D:1      | caedfb the Spriggan Enchanter began the quest for the Orb.
     0 | D:1      | Reached XP level 1. HP: 9/9 MP: 5/5
   543 | D:1      | Reached XP level 2. HP: 13/13 MP: 7/7
   546 | D:1      | Learned a level 2 spell: Ensorcelled Hibernation
   706 | D:1      | Found a faded altar of an unknown god.
  1298 | D:2      | Reached XP level 3. HP: 16/16 MP: 9/9
  1884 | D:3      | Learned a level 3 spell: Tukima's Dance
  1888 | D:3      | Learned a level 3 spell: Confusing Touch
  1899 | D:3      | Reached skill level 5 in Hexes
  1899 | D:3      | Reached XP level 4. HP: 21/21 MP: 11/11
  2439 | D:3      | Noticed Jessica
  2449 | D:3      | Killed Jessica
  2450 | D:3      | Reached XP level 5. HP: 24/24 MP: 5/13
  2578 | D:3      | Found a burning altar of Makhleb.
  2720 | D:3      | Reached skill level 5 in Spellcasting
  2891 | D:3      | Reached skill level 5 in Stealth
  3641 | D:4      | Noticed Blork the orc
  3658 | D:4      | Killed Blork the orc
  3659 | D:4      | Reached XP level 6. HP: 19/28 MP: 9/15
  3935 | D:4      | Reached skill level 6 in Stealth
  4719 | D:5      | Entered Level 5 of the Dungeon
  4735 | D:5      | Found a staircase to the Ecumenical Temple.
  4748 | D:5      | Reached XP level 7. HP: 32/32 MP: 17/17
  4754 | Temple   | Entered the Ecumenical Temple
  4935 | D:5      | Reached skill level 7 in Stealth
  4943 | D:5      | Found a shimmering blue altar of Sif Muna.
  5272 | D:5      | Found Peuz's Weapon Emporium.
  5293 | D:5      | Noticed Grinder
  5467 | D:5      | Killed Grinder
  5468 | D:5      | Reached skill level 8 in Stealth
  5468 | D:5      | Reached XP level 8. HP: 28/36 MP: 20/20
  5677 | D:5      | Reached skill level 9 in Stealth
  5951 | D:5      | Found a hazy altar of Hepliaklqana.
  5951 | D:5      | Found a faded altar of an unknown god.
  5959 | D:5      | Found a faded altar of an unknown god.
  5962 | D:5      | Found a blossoming altar of Fedhas.
  5964 | D:5      | Found an ornate altar of the Wu Jian Council.
  6160 | D:6      | Found a glowing drain.
  6181 | Sewer    | Entered a sewer
  6869 | D:6      | Found a broken altar of Ashenzari.
  7181 | D:6      | Found a sacrificial altar of Ru.
  7326 | D:6      | Reached skill level 10 in Stealth
  7515 | D:6      | Identified the ring of the Madman {rF+ rC+ Int-3 Dex+6}
  7795 | D:6      | Killed from afar by an orc wizard

Illustrated notes

Levels and vault maps discovered:
D:1:      minmay_arrival_five_plusses, layout_loops_ring,
          shapermc_ecumenical_altar_mp_vishouse
D:2:      layout_rooms, minmay_tromino_i2
D:3:      layout_loops_ring, lightli_temple_of_fire, uniq_jessica
D:4:      layout_basic, uniq_blork_the_orc
D:5:      layout_cave_pools, amcnicky_altar_gilded,
          chequers_temple_overflow_minitemple, minmay_temple_entry_offerings,
          serial_shops, nicolae_stop_n_shop_1, supply_closet_lemuel,
          chequers_jeans, kennysheep_potato, uniq_grinder
D:6:      minmay_razor_zed, layout_gridville, hangedman_ru_absence,
          mainiacjoe_overflow_boulevard, cheibrodos_sewer_entry_drain,
          uniq_maggie, uniq_menkaure
Temple:   hellmonk_temple_forest_ring

Skill      XL: |  1  2  3  4  5  6  7  8 |
---------------+-------------------------+-----
Spellcasting   | 3 4 5 6 7 8 |  8.8
Hexes          | 4 5 6 7 9 |  9.2
Stealth        | 5 6 8 10 | 10.5
Short Blades   | |  1.1
Dodging        | |  2.6

Action                   |  1- 3 |  4- 6 |  7- 9 || total
-------------------------+-------+-------+-------++-------
Melee: Dagger            |   117 |   142 |   257 ||   516
       Punch             |       |       |     2 ||     2
 Cast: Ensorcelled Hiber |     5 |    21 |    13 ||    39
       Tukima's Dance    |       |     2 |    15 ||    17
       Confusing Touch   |       |     1 |     7 ||     8
Evoke: Wand              |       |       |     2 ||     2
  Use: Scroll            |     4 |     8 |     6 ||    18
       Potion            |       |       |     3 ||     3
 Stab: Sleeping          |    12 |    18 |    19 ||    49
       Confused          |       |       |     6 ||     6
Armor: Robe              |     9 |    14 |    31 ||    54
Dodge: Dodged            |    82 |    98 |   175 ||   355

Table legend: (Time is in decaauts)
 A = Elapsed time spent in this place.
 B = Non-inter-level travel time spent in this place.
 C = Inter-level travel time spent in this place.
 D = Time resting spent in this place.
 E = Time spent auto-exploring this place.
 F = Levels seen in this place.
 G = Mean time per level.
                   A        B        C        D        E       F      G
               +--------+--------+--------+--------+--------+-----+--------+
         Total |   6182 |   6079 |    103 |    438 |   4395 |   8 |  772.8 |
       Dungeon |   5620 |   5528 |     92 |    438 |   4034 |   6 |  936.7 |
        Temple |     96 |     85 |     11 |      0 |     79 |   1 |   96.0 |
         Sewer |    466 |    466 |      0 |      0 |    281 |   1 |  466.0 |
               +--------+--------+--------+--------+--------+-----+--------+

Top non-repeatable levels by time:
     D:3: 1234 daAuts
     D:4: 1161 daAuts
     D:1: 1004 daAuts
     D:5: 920 daAuts
     D:6: 850 daAuts
   Sewer: 466 daAuts
     D:2: 448 daAuts
  Temple: 96 daAuts
